 Dungeon Crawl Stone Soup version 0.22-a0-358-g7563fe7 (webtiles) character file.

45415 Amnesiac the Destroyer (level 14, -22/84 HPs)
             Began as a Deep Elf Conjurer on Apr 18, 2018.
             Was a High Priest of Sif Muna.
             Killed from afar by a frost giant (39 damage)
             ... with a bolt of cold
             ... while paralysed
             ... in an ice cave.
             The game lasted 00:24:50 (16563 turns).

Amnesiac the Destroyer (Deep Elf Conjurer)         Turns: 16563, Time: 00:24:51

Health: -22/84     AC: 10    Str: 13    XL:     14   Next: 1%
Magic:  28/33      EV:  2    Int: 26    God:    Sif Muna [*****.]
Gold:   440        SH:  0    Dex: 15    Spells: 32/39 levels left

rFire    . . .     SeeInvis .   s - +0 falchion
rCold    . . .     Gourm    .   i - +0 buckler
rNeg     . . .     Faith    .   z - +0 troll leather armour
rPois    .         Spirit   .   h - +0 helmet
rElec    .         Reflect  .   L - +0 cloak
rCorr    .         Harm     .   N - +0 pair of gloves
MR       +....                  v - +2 pair of boots
Stlth    ++........             (no amulet)
HPRegen  0.64/turn              H - +4 ring of evasion
MPRegen  0.23/turn              y - +3 ring of strength

@: paralysed, mighty, berserk cooldown, slowed, divine energy
A: claws 1, wild magic 1
a: Stop Divine Energy, Channel Magic, Forget Spell, Renounce Religion


You were in an ice cave.
You worshipped Sif Muna.
Sif Muna was extremely pleased with you.
You were hungry.

You visited 2 branches of the dungeon, and saw 15 of its levels.
You also visited: Ossuary and Ice Cave.

You collected 772 gold pieces.
You spent 332 gold pieces at shops.

Inventory:

Hand Weapons
 s - a +0 falchion (weapon)
Armour
 a - a +0 robe
 h - a +0 helmet (worn)
 i - a +0 buckler (worn)
 v - a +2 pair of boots (worn)
 z - a +0 troll leather armour (worn)
 L - a +0 cloak (worn)
 N - a +0 pair of gloves (worn)
Jewellery
 d - an uncursed ring of poison resistance
 y - a +3 ring of strength (right hand)
 H - a +4 ring of evasion (left hand)
Wands
 j - a wand of iceblast (32)
 l - a wand of random effects (20)
 r - a wand of polymorph (13)
 u - a wand of flame (32)
 I - a wand of paralysis (7)
 K - a wand of digging (11)
Scrolls
 b - 10 scrolls of remove curse {!r}
 f - 2 scrolls of fear {!r}
 t - 2 scrolls of enchant armour {!r}
 w - 2 scrolls of teleportation {!r}
 C - a scroll of magic mapping {!r}
 E - 4 scrolls of amnesia {!r}
 F - 3 scrolls of fog {!r}
 G - 2 scrolls of enchant weapon {!r}
 J - 5 scrolls of identify {!r}
 O - a scroll of silence {!r}
Potions
 e - a potion of berserk rage {!q}
 k - a potion of magic {!q}
 m - 7 potions of curing {!q}
 n - 3 potions of might {!q}
 o - a potion of ambrosia {!q}
 p - a potion of invisibility {!q}
 q - 5 potions of lignification {!q}
 x - 3 potions of flight {!q}
 A - a potion of brilliance {!q}
 B - 3 potions of mutation {!q}
 D - 2 potions of heal wounds {!q}
Comestibles
 c - 20 rations


   Skills:
 * Level 8.0 Fighting
 + Level 8.0 Dodging
 - Level 2.4 Stealth
 * Level 8.0 Shields
 - Level 13.4 Spellcasting
 - Level 13.9 Conjurations
 - Level 8.0 Invocations


You had 32 spell levels left.
You knew the following spells:

 Your Spells              Type           Power        Failure   Level  Hunger
a - Iskenderun's Mystic   Conj           #######.     1%          4    None
d - Magic Dart            Conj           ####         1%          1    None
e - Searing Ray           Conj           ######       1%          2    None


Dungeon Overview and Level Annotations

Branches:
Dungeon (14/15)            Temple (1/1) D:5            Lair (0/6) D:11
    Orc (0/2) D:12
 Vaults: D:13-14

Altars:
Ashenzari
Cheibriados
Dithmenos
Elyvilon
Fedhas
Gozag
Hepliaklqana
Kikubaaqudgha
Makhleb
Nemelex Xobeh
Okawaru
Qazlal
Ru
Sif Muna
Trog
Uskayaw
Vehumet
Wu Jian
Xom
Yredelemnul
Zin
The Shining One

Shops:
D:8 ?   D:12 [


Innate Abilities, Weirdness & Mutations

You have sharp fingernails.
Your spells are a little harder to cast, but a little more powerful.


Message History

Sif Muna accepts your kill.
The orb of energy explodes!
You block the wolf's attack. The wolf barely misses you.
Casting: Iskenderun's Mystic Blast (safe; 1% risk of failure)
Confirm with . or Enter, or press ? or * to list all spells.
Aiming: Iskenderun's Mystic Blast (safe; 1% risk of failure)
Press: ? - help, Shift-Dir - straight line, f - wolf
Aim: a wolf (heavily wounded)
The orb of energy hits the wolf.
You kill the wolf!
Sif Muna accepts your kill.
The orb of energy explodes!
You hear a bellow! x2
The yak snorts and paws the ground.
The frost giant points at you and mumbles some strange words.
The bolt of cold hits you!
Ouch! That really hurt!
* * * LOW HITPOINT WARNING * * *
Evoke which item? (* to show all) (? for menu, Esc to quit)
Okay, then.
Okay, then.
Really read
J - 6 scrolls of identify {!r}?
As you read the scroll of identify {!r}, it crumbles to dust.
O - a scroll of silence {!r} Really quaff
B - 4 brown potions {!q}?
It was a potion of mutation {!q}.
You feel extremely strange.
You feel less in control of your magic.
Your fingernails lengthen.
The yak barely misses you.
All of the chunks of flesh in your inventory have rotted away.
Really quaff
n - 4 amethyst potions {!q}?
It was a potion of might {!q}.
You feel very mighty all of a sudden. The yak completely misses you.
Really quaff
g - a smoky emerald potion {!q}?
It was a potion of experience {!q}.
You feel more experienced!
You see here Hifrow's Tome of Harmful Curses.
Sif Muna grants you a gift!
Your Spellcasting skill increases to level 13!
You have reached level 14!
The yak barely misses you.
Really quaff
e - 2 smoky amethyst potions {!q}?
It was a potion of berserk rage {!q}.
A red film seems to cover your vision as you go berserk!
You feel yourself moving faster!
You feel mighty! The yak misses you.
You riposte.
You hit the yak.
The yak is lightly wounded.
You are too berserk!
You hit the frost giant.
The frost giant is lightly wounded.
You are feeling hungry.
The yak closely misses you.
You riposte.
You slash the yak!
The yak is moderately wounded.
The frost giant points at you and mumbles some strange words.
The bolt of cold hits you!
* * * LOW HITPOINT WARNING * * *
You feel a strong urge to attack something.
You are too berserk!
You feel your anger nearly subside.
You are no longer berserk.
You pass out from exhaustion.
You feel yourself slow down. The frost giant casts a spell at you.
Helpless, you fail to dodge the bolt of cold.
You die...

#..##≈≈####..####
..##≈≈##.#....#.##
.##≈≈##..........##
.#...#............##
...##........#.....##
###.......###.......#
##..#######.......#
#### ##........##
###....Y.@###
#....C..### ##....###
###.:## ##..#####
##...#.####
###......##
####....## ####..##


You could see a frost giant and a yak.

Vanquished Creatures
  Harold (D:12)
  2 hydras
  3 centaur warriors (D:13)
  Erica (D:10)
  4 two-headed ogres
  A deep elf mage (D:13)
  An orb spider (shapeshifter) (D:12)
  Maurice (D:12)
  2 ugly things (D:11)
  2 ice statues (IceCv)
  5 trolls
  A queen bee (D:8)
  9 polar bears (IceCv)
  4 slime creatures
  5 hippogriffs
  A wraith (D:12)
  22 yaks
  3 wyverns
  2 hungry ghosts
  Edmund (D:4)
  2 water moccasins
  12 orc warriors
  An ice beast (D:8)
  3 sky beasts
  A necrophage (D:11)
  2 black bears
  An eye of draining (D:10)
  A phantom (D:10)
  2 ogres
  7 wolves (IceCv)
  5 centaurs
  2 crocodiles
  4 big kobolds
  A bullfrog (D:4)
  A gnoll sergeant (D:7)
  3 water moccasin zombies (Ossuary)
  2 scorpions
  29 killer bees
  8 howler monkeys
  2 jellies
  3 bullfrog zombies
  7 crimson imps
  A quasit (D:5)
  8 orc priests
  5 centaur skeletons
  3 hounds
  7 orc wizards
  5 iguanas
  3 bullfrog skeletons
  5 worker ants
  2 big kobold zombies (Ossuary)
  A hound skeleton (D:10)
  2 mummies (Ossuary)
  3 worker ant zombies
  8 gnolls (D:7)
  9 adders
  6 shadow imps
  12 white imps (D:14)
  3 oozes
  An adder skeleton (D:9)
  9 adder zombies (Ossuary)
  3 dart slugs
  4 leopard geckos
  47 orcs
  A ball python (D:3)
  3 giant cockroaches
  3 gnoll zombies (Ossuary)
  7 hobgoblins
  21 kobolds
  3 quokkas
  2 bats (D:3)
  5 frilled lizards
  4 goblins
  5 hobgoblin zombies (Ossuary)
  A jackal zombie (D:4)
  6 kobold zombies (Ossuary)
  3 orc zombies (Ossuary)
  7 rats
388 creatures vanquished.

Vanquished Creatures (others)
  A human (D:5)
  A gnoll zombie (Ossuary)
  A hobgoblin zombie (Ossuary)
  A bush (D:13)
4 creatures vanquished.

Grand Total: 392 creatures vanquished

Notes
Turn   | Place    | Note
-------+----------+-------------------------------------------
     0 | D:1      | Amnesiac the Deep Elf Conjurer began the quest for the Orb.
     0 | D:1      | Reached XP level 1. HP: 10/10 MP: 6/6
   192 | D:1      | Reached skill level 1 in Fighting
   196 | D:1      | Reached XP level 2. HP: 16/16 MP: 0/8
   200 | D:1      | Learned a level 2 spell: Searing Ray
   993 | D:2      | Reached XP level 3. HP: 21/21 MP: 6/9
  1580 | D:2      | Reached skill level 1 in Shields
  2010 | D:3      | Reached XP level 4. HP: 26/26 MP: 2/10
  2096 | D:3      | Learned a level 4 spell: Iskenderun's Mystic Blast
  2775 | D:4      | Noticed Edmund
  2847 | D:4      | Killed Edmund
  2847 | D:4      | Reached XP level 5. HP: 6/32 MP: 7/11
  3096 | D:4      | Reached XP level 6. HP: 10/37 MP: 5/12
  3701 | D:5      | Entered Level 5 of the Dungeon
  3701 | D:5      | Found a staircase to the Ecumenical Temple.
  3712 | Temple   | Entered the Ecumenical Temple
  3950 | Temple   | Became a worshipper of Sif Muna the Loreminder
  4010 | D:5      | Reached skill level 5 in Conjurations
  4156 | D:5      | Noticed a sky beast
  4164 | D:5      | Noticed a hippogriff
  4179 | D:4      | Killed a sky beast
  4179 | D:4      | Reached XP level 7. HP: 36/41 MP: 4/15
  4291 | D:5      | Killed a hippogriff
  4291 | D:5      | Reached skill level 5 in Spellcasting
  4642 | D:5      | Found an ancient bone altar of Kikubaaqudgha.
  4642 | D:5      | Noticed a human
  4645 | D:5      | Killed a human
  5033 | D:6      | Reached * piety under Sif Muna
  5196 | D:6      | Reached XP level 8. HP: 42/46 MP: 0/19
  6184 | D:7      | Reached ** piety under Sif Muna
  6677 | D:7      | Reached XP level 9. HP: 51/51 MP: 10/24
  6737 | D:8      | Found a shadowy altar of Dithmenos.
  6921 | D:8      | Found a sand-covered staircase.
  6932 | Ossuary  | Entered an ossuary
  7295 | Ossuary  | Reached *** piety under Sif Muna
  7513 | D:8      | Found Tiafauh's Magic Scroll Emporium.
  7523 | D:8      | Bought a scroll of fog for 20 gold pieces
  7524 | D:8      | Bought a scroll of identify for 20 gold pieces
  7524 | D:8      | Bought a scroll of identify for 20 gold pieces
  7524 | D:8      | Bought a scroll of identify for 20 gold pieces
  7524 | D:8      | Bought a scroll of enchant armour for 75 gold pieces
  7524 | D:8      | Bought a scroll of enchant weapon for 75 gold pieces
  7532 | D:8      | Bought a scroll of torment for 75 gold pieces
  7609 | D:8      | Reached skill level 10 in Conjurations
  7620 | D:8      | Reached skill level 10 in Spellcasting
  8000 | D:8      | Noticed a queen bee
  8024 | D:8      | Killed a queen bee
  8024 | D:8      | Reached **** piety under Sif Muna
  8422 | D:9      | Noticed a two-headed ogre
  8426 | D:9      | Killed a two-headed ogre
  8426 | D:9      | Reached XP level 10. HP: 56/56 MP: 9/27
  9052 | D:10     | Entered Level 10 of the Dungeon
  9319 | D:10     | Reached ***** piety under Sif Muna
  9580 | D:10     | Noticed a two-headed ogre
  9585 | D:10     | Killed a two-headed ogre
  9585 | D:10     | Identified Osiulyol's Incunabulum of Gliding Transmutation (Sif Muna gifted it to you on level 10 of the Dungeon)
  9585 | D:10     | Received a gift from Sif Muna
  9641 | D:10     | Noticed Erica
  9644 | D:10     | Killed Erica
  9916 | D:11     | Noticed a green ugly thing
 10072 | D:11     | Reached XP level 11. HP: 60/60 MP: 11/29
 10203 | D:11     | Reached skill level 5 in Invocations
 10480 | D:11     | Killed a green ugly thing
 10595 | D:11     | Noticed a cyan ugly thing
 10605 | D:11     | Killed a cyan ugly thing
 10753 | D:11     | Noticed a two-headed ogre
 10756 | D:11     | Killed a two-headed ogre
 11288 | D:11     | Found a staircase to the Lair.
 11451 | D:12     | Noticed a harpy
 11452 | D:12     | Noticed an orb spider
 11452 | D:12     | a harpy changed into an orb spider
 11455 | D:12     | Killed an orb spider
 11539 | D:12     | Noticed Harold
 11634 | D:12     | HP: 3/62 [slime creature (15)]
 11929 | D:12     | Noticed Maurice
 11940 | D:12     | Killed Maurice
 12075 | D:12     | Noticed a seven-headed hydra
 12506 | D:12     | Found Ziluem's Armour Shop.
 12507 | D:12     | Found a staircase to the Orcish Mines.
 12511 | D:12     | Bought a cursed +0 pair of gloves for 27 gold pieces
 12524 | D:12     | Killed Harold
 12524 | D:12     | Reached skill level 5 in Fighting
 12524 | D:12     | Reached skill level 5 in Dodging
 12524 | D:12     | Reached skill level 5 in Shields
 13021 | D:13     | Noticed a four-headed hydra
 13136 | D:13     | Killed a four-headed hydra
 13136 | D:13     | Reached XP level 12. HP: 69/69 MP: 9/30
 13288 | D:12     | Killed a seven-headed hydra
 13478 | D:13     | Noticed a centaur warrior
 13481 | D:13     | Noticed a centaur warrior
 13772 | D:13     | Killed a centaur warrior
 13935 | D:13     | Noticed a two-headed ogre
 13947 | D:13     | Killed a two-headed ogre
 14065 | D:13     | Noticed a centaur warrior
 14080 | D:13     | Killed a centaur warrior
 14264 | D:13     | Killed a centaur warrior
 15247 | D:14     | Found a frozen archway.
 15397 | IceCv    | Entered an ice cave
 16452 | IceCv    | Reached XP level 13. HP: 78/78 MP: 16/31
 16511 | IceCv    | Noticed a frost giant
 16554 | IceCv    | Gained mutation: Your spells are a little harder to cast, but a little more powerful. [potion of mutation]
 16554 | IceCv    | Gained mutation: You have sharp fingernails. [potion of mutation]
 16556 | IceCv    | Identified Hifrow's Tome of Harmful Curses (Sif Muna gifted it to you in an ice cave)
 16556 | IceCv    | Received a gift from Sif Muna
 16556 | IceCv    | Reached XP level 14. HP: 51/84 MP: 27/33
 16563 | IceCv    | Killed from afar by a frost giant

Vault maps used:
D:1:      minmay_arrival_doors
D:2:      mumra_celtic_spiral_tile, first_ration, minivault_27
D:3:      patterned_corridor
D:4:      uniq_edmund
D:5:      minmay_temple_entry_statues_pillars, tgw_kikubaaqudgha
D:8:      lemuel_crystal_altar, serial_shops, shop, nicolae_ossuary_entry_ruins,
          david_nohive_1
D:10:     uniq_erica
D:11:     lair_entry_dummy
D:12:     orc_0_dummy, serial_shops, shop, uniq_harold, uniq_maurice
D:13:     special_room, nicolae_wwwww, serial_park_tiny_2
D:14:     lightli_vaults_fourway_checkpoint, portal_ice_cave_entry_imps,
          serial_bayou_pond_c
Temple:   nicolae_temple_the_god_donut
Ossuary:  ossuary_tomb_2
IceCv:    ice_cave_small_giant

Skill      XL: |  1  2  3  4  5  6  7  8  9 10 11 12 13 |
---------------+----------------------------------------+-----
Fighting       | 1 3 5 8 |  8.0
Shields        | 1 2 3 4 5 8 |  8.0
Conjurations   | 5 6 8 11 13 | 13.9
Spellcasting   | 4 6 9 11 12 13 | 13.4
Invocations    | 4 8 |  8.0
Dodging        | 5 8 |  8.0
Stealth        | |  2.4

Action                   |  1- 3 |  4- 6 |  7- 9 | 10-12 | 13-15 || total
-------------------------+-------+-------+-------+-------+-------++-------
Melee: Unarmed           |     4 |       |       |       |       ||     4
       Falchion          |       |       |    29 |    36 |     1 ||    66
 Cast: Magic Dart        |    55 |    97 |     2 |       |       ||   154
       Searing Ray       |     8 |     2 |       |       |       ||    10
       Iskenderun's Myst |       |       |   180 |   431 |     4 ||   615
Invok: Divine Energy     |       |       |     1 |       |       ||     1
       Channel Magic     |       |       |       |     2 |       ||     2
Evoke: Wand              |       |     4 |     7 |    25 |       ||    36
  Use: Scroll            |       |     8 |     8 |     5 |     1 ||    22
       Potion            |       |       |       |     3 |     4 ||     7
 Stab: Paralysed         |       |       |       |     1 |       ||     1
  Eat: Chunk             |     3 |     7 |    15 |    28 |       ||    53
       Ration            |       |       |     2 |       |       ||     2
Armor: Robe              |     1 |     4 |     5 |    20 |       ||    30
       Troll leather arm |       |       |       |    17 |       ||    17
Dodge: Dodged            |    11 |    21 |    44 |   154 |     8 ||   238
Block: Buckler           |     1 |     5 |    21 |    59 |     2 ||    88
       Rpst.: Falchion   |       |     3 |    17 |    33 |     2 ||    55

Table legend:
 A = Spawn XP
 B = Non-spawn XP
 C = Spawn XP percentage of total XP
 D = Spawn monster count
 E = Non-spawn monster count
 F = Spawn count percentage of total count
 G = Total turns spent on level
                    A         B        C        D         E        F      G
               +---------+---------+-------+---------+---------+-------+---------
         Total |       0 |   38318 |   0.0 |       0 |     389 |   0.0 | 16563
               +---------+---------+-------+---------+---------+-------+---------
           D:1 |       0 |      27 |   0.0 |       0 |      12 |   0.0 |   880
           D:2 |       0 |      49 |   0.0 |       0 |      15 |   0.0 |  1032
           D:3 |       0 |      70 |   0.0 |       0 |      20 |   0.0 |   770
           D:4 |       0 |     500 |   0.0 |       0 |      12 |   0.0 |  1063
           D:5 |       0 |     469 |   0.0 |       0 |       9 |   0.0 |   941
           D:6 |       0 |     592 |   0.0 |       0 |      13 |   0.0 |   873
           D:7 |       0 |    1155 |   0.0 |       0 |      24 |   0.0 |   908
           D:8 |       0 |    1961 |   0.0 |       0 |      29 |   0.0 |  1163
           D:9 |       0 |    1737 |   0.0 |       0 |      22 |   0.0 |   630
          D:10 |       0 |    3621 |   0.0 |       0 |      23 |   0.0 |  1324
          D:11 |       0 |    5578 |   0.0 |       0 |      43 |   0.0 |  1051
          D:12 |       0 |    5408 |   0.0 |       0 |      24 |   0.0 |  1845
          D:13 |       0 |    9486 |   0.0 |       0 |      63 |   0.0 |  1768
          D:14 |       0 |    1456 |   0.0 |       0 |      20 |   0.0 |   357
       Ossuary |       0 |     331 |   0.0 |       0 |      34 |   0.0 |   542
         IceCv |       0 |    5878 |   0.0 |       0 |      26 |   0.0 |  1166
               +---------+---------+-------+---------+---------+-------+---------
